 Dungeon Sprint DCSS version 0.30-a0-1161-g0704695555 (webtiles) character file.

Game seed: 9905621947507790826

1178 fozzywoppz the Covert (level 8, -2/42 HPs)
             Began as a Spriggan Enchanter on Apr 27, 2023.
             Was a Priest of Cheibriados.
             Slain by an orc knight
             ... wielding a +3 broad axe
              (20 damage)
             ... in the Dungeon (Sprint VII: "The Pits").
             The game lasted 00:05:22 (461 turns).

fozzywoppz the Covert (Spriggan Enchanter)           Turns: 461, Time: 00:05:22

Health: -2/42      AC:  2    Str: 14    XL:     8   Next: 18%
Magic:  3/15       EV: 27    Int: 24    God:    Cheibriados [***...]
Gold:   0          SH:  0    Dex: 24    Spells: 7/15 levels left

rFire   . . .        a - +1 dagger (drain)
rCold   . . .        (no shield)
rNeg    . . .        b - +0 robe
rPois   .            (helmet restricted)
rElec   .            (no cloak)
rCorr   .            (gloves unavailable)
SInv    +            (boots unavailable)
Will    +....        (no amulet)
Stlth   ++++++       (no ring)
HPRegen 0.27/turn    (no ring)
MPRegen 0.14/turn

%: no teleportation
@: very slow
A: very small, no large weapons, unfitting armour, see invisible, speed 3
a: Renounce Religion, Bend Time, Temporal Distortion


You were in the Dungeon.
You worshipped Cheibriados.
Cheibriados was most pleased with you.
You visited 1 branch

Inventory:

Hand Weapons
 a - a +1 dagger of draining (weapon)
 l - a +2 dagger
Armour
 b - a +0 robe (worn)
Scrolls
 i - a scroll of blinking
 j - 5 scrolls of amnesia
 k - a scroll of summoning
Potions
 c - 4 potions of invisibility
 d - 6 potions of curing
 e - 6 potions of heal wounds
 f - a potion of haste
 g - 4 potions of magic
 h - 3 potions of berserk rage


   Skills:
 + Level 4.7 Fighting
 - Level 10.0 Short Blades
 - Level 10.0 Dodging
 + Level 14.9 Stealth
 - Level 4.0 Spellcasting
 - Level 5.0 Hexes
 + Level 7.4 Invocations


You had 7 spell levels left.
You knew the following spells:

 Your Spells              Type           Power      Damage    Failure   Level
a - Ensorcelled Hibernat  Hex/Ice        32%        N/A       5%          2
b - Confusing Touch       Hex            28%        N/A       3%          3
c - Tukima's Dance        Hex            28%        N/A       3%          3

Your spell library contained the following spells:

 Spells                   Type           Power      Damage    Failure   Level
 Dazzling Flash           Conj/Hex       32%        N/A       11%         3


Dungeon Overview and Level Annotations

Branches:
Dungeon (1/1)

Altars:
Ashenzari
Cheibriados
Dithmenos
Elyvilon
Fedhas
Gozag
Hepliaklqana
Kikubaaqudgha
Makhleb
Nemelex Xobeh
Okawaru
Qazlal
Ru
Sif Muna
Trog
Uskayaw
Vehumet
Wu Jian
Xom
Yredelemnul
Zin
The Shining One
Jiyva
Lugonu


Innate Abilities, Weirdness & Mutations

You are very small and have problems with some larger weapons.
You are too small for most types of armour.
You have supernaturally acute eyesight. (SInv)
You cover ground extremely quickly. (Speed+++)


Message History

The orc knight is lightly wounded.
The orc knight misses you.
You hit the orc knight.
The orc knight is lightly wounded.
The orc no longer looks unusually strong.
Casting: Tukima's Dance (dangerous; 3% risk of failure)
Confirm with . or Enter, or press ? or * to list all spells.
You don't have enough magic to cast this spell.
You closely miss the orc knight.
The orc knight is lightly wounded.
The orc knight roars a battlecry!
The orc goes into a battle-frenzy!
You hit the orc knight but do no damage.
You drain the orc knight.
The orc knight is lightly wounded.
You closely miss the orc knight.
The orc knight is lightly wounded.
The orc priest miscasts a cantrip.
The orc knight roars a battlecry!
The orc wizard goes into a battle-frenzy!
You hit the orc knight but do no damage.
You drain the orc knight.
The orc knight is moderately wounded.
The orc wizard seems less drained.
You hit the orc knight but do no damage.
The orc knight is moderately wounded.
The orc knight hits you with a +3 broad axe!
You hit the orc knight but do no damage.
The orc knight is moderately wounded.
The orc priest no longer looks unusually strong.
You hit the orc knight but do no damage.
The orc knight is moderately wounded.
The orc knight misses you.
You hit the orc knight but do no damage.
You drain the orc knight.
The orc knight is moderately wounded.
The orc wizard no longer looks unusually strong.
You hit the orc knight but do no damage.
The orc knight is moderately wounded.
The orc knight hits you with a +3 broad axe!!
You die...

#.###'###).##.......#
#.#.....#))##.......#
#.#..)..#..##.......#
#.####)##'###...<...#
#.#....†...##.......#
#.#........##.......#
#'###########.......#
#.......#)†##########
#.)###..#@######
#††)....#o#o...#
##.###.##o#oooo#
#.......#oooooo+
#..###..#'#....#
#.......')#....#
################


You could see an orc knight (very drained), an orc priest and 2 orc wizards.

Vanquished Creatures
  A manticore (D)
  A black bear (D)
  An orc warrior (D)
  3 wolves (D)
  A centaur (D)
  A gnoll sergeant (D)
  2 scorpions (D)
  A jelly (D)
  A hound (D)
  Jessica (D)
  3 river rats (D)
  A white imp (D)
  2 ufetubi (D)
  An endoplasm (D)
  3 goblins (D)
  2 ball pythons (D)
25 creatures vanquished.

Notes
Turn   | Place    | Note
-------+----------+-------------------------------------------
     0 | D        | fozzywoppz the Spriggan Enchanter began the quest for the
                  | Orb.
     0 | D        | Reached XP level 1. HP: 9/9 MP: 5/5
    37 | D        | Found a glowing golden altar of the Shining One.
    37 | D        | Found a glowing silver altar of Zin.
    37 | D        | Found a basalt altar of Yredelemnul.
    37 | D        | Found a shimmering altar of Xom.
    37 | D        | Found an ornate altar of the Wu Jian Council.
    37 | D        | Found a bloodstained altar of Trog.
    37 | D        | Found a shimmering blue altar of Sif Muna.
    37 | D        | Found a sacrificial altar of Ru.
    37 | D        | Found a stormy altar of Qazlal.
    37 | D        | Found an iron altar of Okawaru.
    37 | D        | Found a sparkling altar of Nemelex Xobeh.
    37 | D        | Found a burning altar of Makhleb.
    37 | D        | Found a viscous altar of Jiyva.
    37 | D        | Found a hazy altar of Hepliaklqana.
    37 | D        | Found an opulent altar of Gozag.
    37 | D        | Found a blossoming altar of Fedhas.
    37 | D        | Found a white marble altar of Elyvilon.
    37 | D        | Found a shadowy altar of Dithmenos.
    37 | D        | Found a snail-covered altar of Cheibriados.
    38 | D        | Found a radiant altar of Vehumet.
    38 | D        | Found a corrupted altar of Lugonu.
    39 | D        | Found a hide-covered altar of Uskayaw.
    39 | D        | Found an ancient bone altar of Kikubaaqudgha.
    39 | D        | Found a broken altar of Ashenzari.
    66 | D        | Became a worshipper of Cheibriados the Contemplative
    78 | D        | Noticed a scorpion
    82 | D        | Reached skill level 5 in Stealth
    83 | D        | Killed a scorpion
    84 | D        | Reached skill level 5 in Dodging
    84 | D        | Reached skill level 7 in Stealth
    84 | D        | Reached skill level 5 in Hexes
    84 | D        | Reached XP level 2. HP: 13/13 MP: 6/8
    84 | D        | Reached XP level 3. HP: 16/16 MP: 6/9
    91 | D        | Reached XP level 4. HP: 21/21 MP: 7/11
    95 | D        | Learned a level 2 spell: Ensorcelled Hibernation
    99 | D        | Learned a level 3 spell: Confusing Touch
   103 | D        | Learned a level 3 spell: Tukima's Dance
   104 | D        | Noticed a black bear
   110 | D        | Reached * piety under Cheibriados
   118 | D        | Killed a black bear
   119 | D        | Reached skill level 9 in Stealth
   119 | D        | Reached XP level 5. HP: 8/24 MP: 4/12
   203 | D        | Reached skill level 10 in Stealth
   203 | D        | Reached skill level 1 in Invocations
   203 | D        | Noticed Jessica
   207 | D        | Killed Jessica
   208 | D        | Noticed a centaur
   228 | D        | Killed a centaur
   229 | D        | Reached skill level 11 in Stealth
   229 | D        | Reached XP level 6. HP: 15/28 MP: 13/13
   313 | D        | Reached skill level 10 in Dodging
   313 | D        | Reached skill level 12 in Stealth
   313 | D        | Noticed a manticore
   315 | D        | Killed a manticore
   316 | D        | Reached skill level 13 in Stealth
   316 | D        | Reached XP level 7. HP: 36/36 MP: 14/14
   321 | D        | Reached ** piety under Cheibriados
   331 | D        | Reached skill level 14 in Stealth
   388 | D        | Noticed an orc knight
   416 | D        | Reached skill level 10 in Short Blades
   417 | D        | Reached *** piety under Cheibriados
   418 | D        | Reached XP level 8. HP: 27/42 MP: 11/15
   461 | D        | Slain by an orc knight

Illustrated notes

Levels and vault maps discovered:
D:        pitsprint [storerooms_1, entrance_room_1, metal_vault_5, armoury_1,
          mini_pit_1, grid_room_1, main_hall_1, silver_pit, the_coven_3,
          the_vestibule_1, steel_vault_3, golden_pit, hallway_of_sentries,
          crystal_vault_1, iron_vault_4, final_vault]

Skill      XL: |  1  2  3  4  5  6  7  8 |
---------------+-------------------------+-----
Short Blades   | 4 6 7 9 10 | 10.0
Dodging        | 5 8 9 10 | 10.0
Stealth        | 7 9 11 13 14 | 14.9
Spellcasting   | 4 |  4.0
Hexes          | 5 |  5.0
Invocations    | 3 6 7 |  7.4
Fighting       | 3 4 |  4.7

Action                     |  1- 3 |  4- 6 |  7- 9 || total
---------------------------+-------+-------+-------++-------
  Melee: Dagger            |     5 |    51 |    75 ||   131
   Cast: Ensorcelled Hiber |       |     3 |     1 ||     4
         Tukima's Dance    |       |       |     2 ||     2
 Invoke: Bend Time         |       |       |     1 ||     1
         Temporal Distorti |       |       |     1 ||     1
   Stab: Sleeping          |     5 |     4 |     3 ||    12
 Armour: Robe              |       |     9 |     2 ||    11
  Dodge: Dodged            |       |    82 |    40 ||   122

Table legend: (Time is in decaauts)
 A = Elapsed time spent in this place.
 B = Non-inter-level travel time spent in this place.
 C = Inter-level travel time spent in this place.
 D = Time resting spent in this place.
 E = Time spent auto-exploring this place.
 F = Levels seen in this place.
 G = Mean time per level.
                   A        B        C        D        E       F      G
               +--------+--------+--------+--------+--------+-----+--------+
         Total |    380 |    380 |      0 |    132 |      0 |   1 |  380.0 |
       Dungeon |    380 |    380 |      0 |    132 |      0 |   1 |  380.0 |
               +--------+--------+--------+--------+--------+-----+--------+

Top non-repeatable levels by time:
       D: 380 daAuts
